 Dungeon Crawl Stone Soup version 0.18.1-1-g2f07953 (webtiles) character file.

2233 dobroeutro the Basher (level 9, -8/56 HPs)
             Began as a Gargoyle Fighter on May 7, 2016.
             Was an Initiate of Okawaru.
             Mangled by an ogre
             ... wielding a +0 giant club
              (9 damage)
             ... on level 7 of the Dungeon.
             The game lasted 00:07:49 (4672 turns).

dobroeutro the Basher (Gargoyle Fighter)            Turns: 4672, Time: 00:07:50

Health: -8/56      AC: 13    Str: 22    XL:     9   Next: 36%
Magic:  9/9        EV:  8    Int:  9    God:    Okawaru [......]
Gold:   383        SH: 10    Dex: 10    Spells: 0 memorised, 8 levels left

rFire  + . .     SeeInvis .     q - +3 flail (drain)
rCold  . . .     Gourm    .     b - +0 scale mail
rNeg   + . .     Faith    .     c - +0 shield
rPois  ∞         Spirit   .     (no helmet)
rElec  +         Dismiss  .     (no cloak)
rCorr  .         Reflect  .     (no gloves)
SustAt .         Harm     .     (no boots)
MR     .....                    (no amulet)
Stlth  ..........               (no ring)
                                t - ring of protection from fire

@: not resistant to hostile enchantments, extremely unstealthy
A: negative energy resistance 1, electricity resistance, unbreathing,
petrification resistance, rot immunity, AC +5
a: Renounce Religion


You were on level 7 of the Dungeon.
You worshipped Okawaru.
Okawaru was noncommittal.
You were not hungry.

You visited 2 branches of the dungeon, and saw 8 of its levels.
You also visited: Ossuary.

You collected 383 gold pieces.

Inventory:

Hand Weapons
 q - a +3 flail of draining (weapon)
Armour
 b - a +0 scale mail (worn)
 c - a +0 shield (worn)
 x - a cursed -1 ring mail
Jewellery
 a - an uncursed ring of ice
 t - a ring of protection from fire (left hand)
Wands
 v - a wand of disintegration (16/24)
Scrolls
 e - 3 scrolls of amnesia
 k - 5 scrolls of identify
 l - 4 scrolls of noise
Potions
 d - a potion of might
 g - 2 potions of agility
 h - 4 potions of flight
 m - a potion of resistance {unknown}
 n - a potion of heal wounds {unknown}
 u - a potion of brilliance {unknown}
Comestibles
 f - 4 bread rations
 j - 4 meat rations
 p - a beef jerky
 r - a royal jelly


   Skills:
 + Level 6.3 Fighting
 + Level 8.6 Maces & Flails
 + Level 6.6 Armour
 + Level 6.3 Shields


You had 8 spell levels left.
You didn't know any spells.

Dungeon Overview and Level Annotations

Branches:
Dungeon (7/15)             Temple (1/1) D:4

Altars:
Ashenzari
Cheibriados
Dithmenos
Elyvilon
Fedhas
Kikubaaqudgha
Nemelex Xobeh
Okawaru
Pakellas
Qazlal
Ru
Sif Muna
Trog
Vehumet
Xom
Zin
The Shining One

Shops:
D:4 :


Innate Abilities, Weirdness & Mutations

You are resistant to torment.
Your stone body is resilient (AC +5).
You are immune to poison.
You resist negative energy.
You are resistant to electric shocks.
You can survive without breathing.
You are immune to petrification.
You are immune to rotting.


Message History

* * * LOW HITPOINT WARNING * * *
The orc warrior hits you but does no damage.
Drink which item? (? for menu, Esc to quit)
You feel better. The ogre closely misses you.
The orc warrior barely misses you.
Read which item? (? for menu, Esc to quit)
As you read the scroll labeled NOMOPU LILOVIX, it crumbles to dust.
You feel aware of your surroundings.
It was a scroll of magic mapping.
The ogre hits you but does no damage.
Read which item? (? for menu, Esc to quit)
As you read the scroll labeled QISOZA MIWISU, it crumbles to dust.
The creatures around you are filled with an inner flame!
It was a scroll of immolation.
The orc warrior hits you from afar with a glaive!
* * * LOW HITPOINT WARNING * * *
Read which item? (? for menu, Esc to quit)
As you read the scroll labeled ECAACUSOITU, it crumbles to dust.
You smell pepper.
It was a scroll of random uselessness.
The ogre hits you with a giant club!
You die...

*,,,,,,,,*****,,******,*
*******,,,,,,,,...,,,,,,*
,,,,,,,,,,*,***#.#*******
*,,,,,,,,,,,,* #o#
*,******,***,* #o# *,*
*,* *,* #o# *,* **,* *,*
#o# *,* *,,* *,* #†# *,*
*,** *,* #@# *,* *,* *,*
#O# ,,* **,* *,* #a#
,,****,,* *,*##s##
,,,,,,,,****,##asc##
,,,,,,,,,,,,.#.....####
,*****,,,,............#
,** **,**####..#####.#
*,* *,* ##.# #.#
*********


You could see an orc warrior (inner flame), an ogre (inner flame), a centaur
(inner flame), 2 scorpions, 2 worker ants, an orc wizard (inner flame) and 2
orcs.

Vanquished Creatures
  A hill giant (D:6)
  Prince Ribbit (D:5)
  Sigmund (D:3)
  An ice beast (D:6)
  An ogre (D:5)
  A phantom (D:5)
  2 scorpions
  2 crimson imps
  A centaur zombie (Ossuary)
  2 human zombies (Ossuary)
  A quasit (D:4)
  A giant frog zombie (D:7)
  3 orc wizards
  3 orc priests
  A centaur skeleton (D:6)
  Jessica (D:2)
  Ijyb (D:3)
  Terence (D:2)
  3 iguanas (D:5)
  2 worker ants
  2 big kobold zombies (Ossuary)
  2 hound zombies (Ossuary)
  3 mummies (Ossuary)
  2 hound skeletons
  A worker ant zombie (D:5)
  4 gnolls (D:4)
  10 adders
  A shadow imp (D:6)
  2 oozes
  An adder zombie (Ossuary)
  3 worms
  3 dart slugs
  A giant gecko (D:6)
  12 orcs
  11 bats
  6 giant cockroaches
  A gnoll zombie (Ossuary)
  8 goblins
  7 hobgoblins
  9 jackals
  8 kobolds
  2 quokkas (D:6)
  A ball python skeleton (D:5)
  2 giant newts
  5 goblin zombies (Ossuary)
  5 hobgoblin zombies (Ossuary)
  3 jackal zombies (Ossuary)
  3 kobold zombies (Ossuary)
  3 orc zombies (Ossuary)
  6 quokka zombies (Ossuary)
  9 rats
  3 rat zombies (Ossuary)
169 creatures vanquished.

Notes
Turn   | Place    | Note
--------------------------------------------------------------
     0 | D:1      | dobroeutro the Gargoyle Fighter began the quest for the Orb.
     0 | D:1      | Reached XP level 1. HP: 14/14 MP: 1/1
    37 | D:1      | Reached XP level 2. HP: 17/19 MP: 2/2
    99 | D:1      | Reached skill level 3 in Maces & Flails
   310 | D:1      | Reached XP level 3. HP: 19/23 MP: 3/3
   527 | D:2      | Noticed Jessica
   539 | D:2      | Killed Jessica
   539 | D:2      | Reached skill level 4 in Maces & Flails
   539 | D:2      | Reached XP level 4. HP: 22/28 MP: 4/4
   683 | D:2      | Noticed Terence
   694 | D:2      | Killed Terence
   783 | D:2      | Reached skill level 5 in Maces & Flails
   799 | D:2      | Reached XP level 5. HP: 31/32 MP: 5/5
  1173 | D:3      | Noticed Ijyb
  1196 | D:3      | Killed Ijyb
  1499 | D:3      | Noticed Sigmund
  1509 | D:3      | Killed Sigmund
  1509 | D:3      | Reached skill level 6 in Maces & Flails
  1509 | D:3      | Reached XP level 6. HP: 14/37 MP: 6/6
  1795 | D:4      | Found a sand-covered staircase.
  1800 | Ossuary  | Entered an ossuary
  1819 | Ossuary  | Reached XP level 7. HP: 41/41 MP: 7/7
  1837 | Ossuary  | Reached skill level 7 in Maces & Flails
  2612 | D:4      | Found a staircase to the Ecumenical Temple.
  2619 | Temple   | Entered the Ecumenical Temple
  2772 | D:4      | Found Hotumn's Book Shop.
  2799 | D:5      | Entered Level 5 of the Dungeon
  2943 | D:5      | Reached XP level 8. HP: 47/48 MP: 8/8
  3225 | D:5      | Noticed Prince Ribbit
  3240 | D:5      | Killed Prince Ribbit
  3240 | D:5      | Reached skill level 5 in Fighting
  3240 | D:5      | Reached skill level 5 in Armour
  3240 | D:5      | Reached skill level 5 in Shields
  3636 | D:5      | Reached skill level 8 in Maces & Flails
  4039 | D:6      | Noticed a hill giant
  4050 | D:6      | Killed a hill giant
  4050 | D:6      | Reached XP level 9. HP: 23/55 MP: 9/9
  4115 | D:6      | Found an oddly glowing altar of Pakellas.
  4118 | D:6      | Found a glowing silver altar of Zin.
  4121 | D:6      | Found a radiant altar of Vehumet.
  4198 | D:6      | Found a shimmering altar of Xom.
  4410 | D:6      | Found a bloodstained altar of Trog.
  4411 | D:6      | Found an iron altar of Okawaru.
  4422 | D:6      | Became a worshipper of Warmaster Okawaru
  4671 | D:7      | HP: 1/56 [orc warrior/glaive (14)]
  4672 | D:7      | Mangled by an ogre

Skill      XL: |  1  2  3  4  5  6  7  8 |
---------------+-------------------------+-----
Maces & Flails | 3 4 5 6 7 8 |  8.6
Fighting       | 4 6 |  6.3
Armour         | 4 6 |  6.6
Shields        | 4 6 |  6.3

Action                   |  1- 3 |  4- 6 |  7- 9 || total
-------------------------+-------+-------+-------++-------
Melee: Flail             |   100 |   159 |   400 ||   659
  Use: Scroll            |       |     7 |     4 ||    11
       Potion            |       |       |     2 ||     2
  Eat: Chunk             |       |     3 |    10 ||    13
Armor: Scale mail        |    43 |   123 |   153 ||   319
Dodge: Dodged            |    28 |    65 |   111 ||   204
Block: Shield            |    45 |    99 |   170 ||   314
